 Dungeon Crawl Stone Soup version 0.18.1-5-g4a78601 (webtiles) character file.

420 varam the Chopper (level 6, -1/52 HPs)
             Began as a Minotaur Gladiator on May 11, 2016.
             Killed by divine providence
             ... invoked by an orc priest
              (14 damage)
             ... on level 4 of the Dungeon.
             The game lasted 00:05:40 (2512 turns).

varam the Chopper (Minotaur Gladiator)              Turns: 2512, Time: 00:05:41

Health: -1/52      AC:  5    Str: 20    XL:     6   Next: 62%
Magic:  5/5        EV: 13    Int:  5    God:
Gold:   154        SH:  0    Dex: 12    Spells: 0 memorised, 5 levels left

rFire  + . .     SeeInvis .     k - +2 spear (venom)
rCold  . . .     Gourm    .     b - +0 leather armour
rNeg   . . .     Faith    .     (no shield)
rPois  .         Spirit   .     c - +0 hat
rElec  .         Dismiss  +     e - +0 cloak
rCorr  .         Reflect  .     (no gloves)
SustAt .         Harm     .     u - +0 pair of boots
MR     .....                    o - amulet of dismissal
Stlth  +.........               m - -2 ring of slaying (curse)
                                h - ring of protection from fire

@: not resistant to hostile enchantments, very unstealthy
A: retaliatory headbutt, horns 2
a: no special abilities


You were on level 4 of the Dungeon.
You were not hungry.

You visited 1 branch of the dungeon, and saw 4 of its levels.

You collected 154 gold pieces.

Inventory:

Hand Weapons
 a - a +0 war axe
 k - a +2 spear of venom (weapon)
Missiles
 d - 3 throwing nets (quivered)
Armour
 b - a +0 leather armour (worn)
 c - a +0 hat (worn)
 e - a +0 cloak (worn)
 p - a +0 ring mail
 u - a +0 pair of boots (worn)
Jewellery
 h - a ring of protection from fire (left hand)
 m - a cursed -2 ring of slaying (right hand)
 o - an amulet of dismissal (around neck)
 q - an uncursed amulet of faith {unknown}
Scrolls
 j - a scroll of amnesia
 l - a scroll of noise
 n - 2 scrolls of magic mapping
 w - a scroll of remove curse {unknown}
 x - a scroll of recharging {unknown}
 y - a scroll of identify
Potions
 i - a potion of mutation {unknown}
 r - 4 potions of curing {unknown}
 s - a potion of lignification {unknown}
 t - 2 potions of brilliance {unknown}
 v - a potion of agility {unknown}
Comestibles
 f - 3 bread rations
 g - 4 chunks of flesh
 z - a meat ration


   Skills:
 + Level 4.1 Fighting
 - Level 6.8 Axes
 + Level 3.4 Throwing
 + Level 4.4 Dodging


You had 5 spell levels left.
You didn't know any spells.

Dungeon Overview and Level Annotations

Branches:
Dungeon (4/15)
 Temple: D:4-7

Altars:
Xom
Zin


Innate Abilities, Weirdness & Mutations

You reflexively headbutt those who attack you in melee.
You have a pair of horns on your head.


Message History

The orc is heavily wounded.
The orc completely misses you. You furiously retaliate!
You headbutt the orc, but do no damage. Something hits you but does no damage.
The orc wizard barely misses you.
You closely miss the orc. Your headbutt misses the orc.
The orc is severely wounded.
You kill the orc!
The orc priest mumbles some strange prayers to Beogh against you.
Beogh smites you!
You hear a shout!
An orc wizard comes into view. It is wielding a dagger.
Something hits you.
* * * LOW HITPOINT WARNING * * *
The orc wizard mumbles some strange words.
The orc wizard blinks!
A magic dart appears from out of thin air!
The magic dart hits something.
The orc priest calls down the wrath of Beogh upon you.
Beogh smites you!
You die...

#..# #..## ### #
#....#####.# #.
##..##......#
#.######...#..####.#
#.....##.........#.#
####.#.#.##......####.#
#....#.......o.........
#.#..>@{ยง..............
####.......)))........#.#(
#.........###.............
#.##....)....$......#.#.#.
.......<.o###.............
#####....o......{....<....
#....!...........#....
#....o##.####..#......
#.#...##.# ..#.P ..


You could see an orc priest and 3 orc wizards.

Vanquished Creatures
  Sigmund (D:3)
  A howler monkey (D:4)
  An orc priest (D:4)
  An orc wizard (D:4)
  4 gnolls (D:2)
  5 adders
  3 oozes
  A worm (D:3)
  2 dart slugs (D:1)
  3 giant geckos
  3 orcs
  A ball python (D:2)
  A giant cockroach (D:3)
  3 goblins
  6 hobgoblins
  6 jackals
  10 kobolds
  7 bats
  3 giant newts
  4 rats
66 creatures vanquished.

Notes
Turn   | Place    | Note
--------------------------------------------------------------
     0 | D:1      | varam the Minotaur Gladiator began the quest for the Orb.
     0 | D:1      | Reached XP level 1. HP: 18/18 MP: 0/0
    59 | D:1      | Reached skill level 4 in Axes
   239 | D:1      | Reached XP level 2. HP: 25/25 MP: 1/1
   674 | D:2      | Reached skill level 5 in Axes
   749 | D:2      | Reached XP level 3. HP: 24/30 MP: 2/2
   924 | D:2      | Reached XP level 4. HP: 36/37 MP: 3/3
   928 | D:2      | Reached skill level 6 in Axes
  1724 | D:3      | Reached XP level 5. HP: 42/42 MP: 4/4
  1825 | D:3      | Found a glowing silver altar of Zin.
  1825 | D:3      | Noticed an angel
  1832 | D:3      | Found a shimmering altar of Xom.
  2011 | D:3      | Noticed Sigmund
  2031 | D:3      | Killed Sigmund
  2031 | D:3      | Reached XP level 6. HP: 43/52 MP: 5/5
  2100 | D:3      | Found a faded altar to an unknown god.
  2512 | D:4      | Killed from afar by an orc priest

Skill      XL: |  1  2  3  4  5  6 |
---------------+-------------------+-----
Axes           | 4 5 6 |  6.8
Fighting       | 3 4 |  4.1
Dodging        | 4 |  4.4
Throwing       | 3 |  3.4

Action                   |  1- 3 |  4- 6 || total
-------------------------+-------+-------++-------
Melee: War axe           |    15 |       ||    15
       Spear             |    48 |   113 ||   161
       Headbutt          |     3 |    14 ||    17
  Use: Scroll            |     3 |     2 ||     5
  Eat: Chunk             |       |     5 ||     5
Armor: Leather armour    |    18 |    16 ||    34
Dodge: Dodged            |    40 |    33 ||    73
